 Dungeon Crawl Stone Soup version 0.29.1-2-gbd0b4ee654 (webtiles) character file.

Game seed: 6781835160317877145

543 styxcanada the Covert (level 7, 0/35 HPs)
             Began as a Spriggan Brigand on Nov 1, 2022.
             Slain by Grinder (1 damage)
             ... while paralysed by Grinder
             ... on level 5 of the Dungeon on Nov 2, 2022.
             The game lasted 00:19:02 (4301 turns).

styxcanada the Covert (Spriggan Brigand)            Turns: 4301, Time: 00:19:02

Health: 0/35       AC:  4    Str:  7    XL:     7   Next: 6%
Magic:  9/9        EV:  4    Int: 13    God:
Gold:   180        SH:  0    Dex: 18    Spells: 6/8 levels left

rFire   + . .      SeeInvis +   a - +3 dagger
rCold   + + .      Faith    .   (no shield)
rNeg    . . .      Spirit   .   x - +1 robe {rC+ rF+}
rPois   .          Reflect  .   (helmet restricted)
rElec   .          Harm     .   c - +0 cloak
rCorr   .          Rampage  .   (gloves unavailable)
Will    +....                   (boots unavailable)
Stlth   +++++.....              m - amulet of regeneration
HPRegen 0.91/turn               l - ring of protection from cold
MPRegen 0.11/turn               (no ring)

@: paralysed, very quick
A: very small, no large weapons, unfitting armour, see invisible, speed 3
a: no special abilities


You were on level 5 of the Dungeon.
You visited 1 branch of the dungeon, and saw 5 of its levels.

You collected 180 gold pieces.

Inventory:

Hand Weapons
 a - a +3 dagger (weapon)
 w - a +0 sling
Missiles
 e - 3 curare-tipped darts
 i - 17 poisoned darts (quivered)
 k - 42 stones
 s - 7 boomerangs
Armour
 c - a +0 cloak (worn)
 x - a +1 robe of resistance (worn)
Magical Staves
 h - a staff of poison
 v - a staff of cold
Jewellery
 f - an amulet of reflection
 g - an amulet of guardian spirit
 l - a ring of protection from cold (left hand)
 m - an amulet of regeneration (around neck)
Wands
 q - a wand of polymorph (9)
 u - a wand of digging (6)
Scrolls
 b - a scroll of vulnerability {unknown}
 p - a scroll of immolation
Potions
 d - a potion of haste {unknown}
 j - 2 potions of brilliance
 n - 3 potions of curing
 o - a potion of resistance {unknown}
 r - a potion of mutation
 t - 5 potions of heal wounds


   Skills:
 * Level 2.7 Fighting
 + Level 3.6 Short Blades
 + Level 2.6 Throwing
 * Level 3.7 Dodging
 * Level 9.9 Stealth
 * Level 1.0 Spellcasting
 * Level 0.5 Fire Magic
 * Level 1.0 Evocations


You had 6 spell levels left.
You knew the following spells:

 Your Spells              Type           Power      Damage    Failure   Level
a - Scorch                Fire           2%         2d5       34%         2

Your spell library contained the following spells:

 Spells                   Type           Power      Damage    Failure   Level
 Necrotise                Necr           0%         1d4       28%         1
 Poisonous Vapours        Pois/Air       0%         N/A       38%         2
 Sublimation of Blood     Necr           0%         N/A       38%         2
 Wereblood                Tmut           0%         N/A       38%         2
 Vampiric Draining        Necr           0%         2d6       63%         3
 Flame Wave               Conj/Fire      1%         2d4       94%         4
 Corpse Rot               Necr/Pois/Air  0%         N/A       95%         4
 Agony                    Necr           0%         N/A       100%        5
 Summon Cactus Giant      Summ           0%         N/A       100%        6
 Summon Hydra             Summ           0%         N/A       100%        7


Dungeon Overview and Level Annotations

Branches:
Dungeon (5/15)
 Temple: D:4-7

Altars:
Yredelemnul

Annotations:
D:3 1 runed translucent door
D:4 BigDaddyOpFi's ghost, amateur OpFi
D:5 Grinder


Innate Abilities, Weirdness & Mutations

You are very small and have problems with some larger weapons.
You are too small for most types of armour.
You have supernaturally acute eyesight. (SInv)
You cover ground extremely quickly. (Speed+++)


Message History

Pain shoots through your body!
You hit Grinder.
Grinder is severely wounded.
Grinder gestures at you.
You easily resist.
You barely miss Grinder.
Grinder is severely wounded.
Grinder blinks!
Throw: 18 darts (poison)
Press: ? - help, Q - select action, (/) - cycle Shift-Dir - straight line, f/p - Grinder
Aim: Grinder (severely wounded, 60% to hit)
You throw a poisoned dart.
The poisoned dart closely misses Grinder.
Unknown command.
You hit Grinder.
Grinder is severely wounded.
Grinder completely misses you.
You hit Grinder.
Grinder is severely wounded.
Grinder gestures at you.
You easily resist.
You closely miss Grinder.
Grinder is severely wounded.
You hit Grinder but do no damage.
Grinder is severely wounded.
Grinder barely misses you.
You hit Grinder. Your punch misses Grinder.
Grinder is severely wounded.
Grinder gestures at you.
You suddenly lose the ability to move!
Grinder hits you.
You writhe in agony.
Grinder hits you!
You writhe in agony.
Grinder hits you.
* * * LOW HITPOINT WARNING * * *
You writhe in agony.
* * * LOW HITPOINT WARNING * * *
Grinder hits you.
* * * LOW HITPOINT WARNING * * *
You writhe in agony.
You die...

#....#.....# #..♣♣♣♣♣♣.......
#....#.....# #.♣♣ ♣.......
#....#.....# ##.♣♣ ♣.......
#....#....<# #...♣ ♣♣...<...
##.####...####.#.♣♣♣♣♣..#....#
########'##.(.#........######
#......(.....######........
#.....(...5..# #........
#.........@..# #........
############## ###....##
######


You could see Grinder.

Vanquished Creatures
  The ghost of KittyFluff the Cudgeller, an amateur GrBe of Trog (D:3)
  A phantom (D:4)
  A kobold brigand (D:4)
  A hound (D:4)
  A human skeleton (D:3)
  2 iguanas (D:4)
  6 adders
  3 gnolls (D:2)
  A worm (D:3)
  3 dart slugs
  An orc (D:4)
  11 ball pythons
  8 endoplasms
  4 giant cockroaches
  9 goblins
  8 hobgoblins
  7 jackals
  2 kobolds
  3 quokkas
  5 bats
  4 frilled lizards
  7 rats
89 creatures vanquished.

Vanquished Creatures (others)
  20 fungi (D:5)
  4 plants
24 creatures vanquished.

Grand Total: 113 creatures vanquished

Notes
Turn   | Place    | Note
-------+----------+-------------------------------------------
     0 | D:1      | styxcanada the Spriggan Brigand began the quest for the
                  | Orb.
     0 | D:1      | Reached XP level 1. HP: 10/10 MP: 2/2
    77 | D:1      | Reached skill level 6 in Stealth
    85 | D:1      | Reached XP level 2. HP: 11/14 MP: 3/3
   190 | D:1      | Found a faded altar of an unknown god.
   972 | D:2      | Reached XP level 3. HP: 18/18 MP: 4/4
  1127 | D:2      | You fall into a shaft and drop 2 floors!
  1162 | D:4      | Noticed a phantom
  1265 | D:4      | Reached skill level 7 in Stealth
  1265 | D:4      | Reached XP level 4. HP: 23/23 MP: 5/5
  1460 | D:3      | Found a runed translucent door.
  1460 | D:3      | Noticed KittyFluff's ghost (amateur GrBe)
  1584 | D:3      | Noticed a human
  1585 | D:3      | Found a runed translucent door.
  1629 | D:3      | Reached skill level 8 in Stealth
  1629 | D:3      | Reached XP level 5. HP: 23/26 MP: 6/6
  1644 | D:3      | Found a basalt altar of Yredelemnul.
  3322 | D:3      | Killed KittyFluff's ghost
  3323 | D:3      | Reached skill level 9 in Stealth
  3323 | D:3      | Reached XP level 6. HP: 32/32 MP: 7/7
  3534 | D:4      | Learned a level 2 spell: Scorch
  3746 | D:4      | Found a runed translucent door.
  3747 | D:4      | Noticed BigDaddyOpFi's ghost (amateur OpFi)
  4089 | D:4      | Reached skill level 1 in Spellcasting
  4089 | D:4      | Reached skill level 1 in Evocations
  4089 | D:4      | Reached XP level 7. HP: 35/35 MP: 9/9
  4110 | D:5      | Entered Level 5 of the Dungeon
  4258 | D:5      | Noticed Grinder
  4297 | D:5      | Paralysed by Grinder for 5 turns
  4301 | D:5      | HP: 1/35 [Grinder (5)]
  4301 | D:5      | Slain by Grinder

Illustrated notes

Levels and vault maps discovered:
D:1:      scummos_arrival_simple_fountains, layout_loops_ring,
          shapermc_ecumenical_altar_acropolis
D:2:      layout_basic, minmay_cupped
D:3:      layout_basic, dk_yredelemnul_ordeal, gammafunk_ghost_grave,
          guppyfry_early_lair_pool
D:4:      layout_loops_ring, ebering_ghost_inner_flame
D:5:      old_forge, layout_gridville, mainiacjoe_overflow_chevrons,
          mainiacjoe_overflow_catch_the_wave, dreamdust_princess_corridor,
          nrook_campfire, uniq_menkaure, uniq_grinder

Skill      XL: |  1  2  3  4  5  6 |
---------------+-------------------+-----
Stealth        | 6 7 8 9 |  9.9
Dodging        | 2 3 |  3.7
Fighting       | 2 |  2.7
Short Blades   | 3 |  3.6
Spellcasting   | 1 |  1.0
Evocations     | 1 |  1.0
Throwing       | |  2.6
Fire Magic     | |  0.5

Action                   |  1- 3 |  4- 6 |  7- 9 || total
-------------------------+-------+-------+-------++-------
Melee: Dagger            |    90 |   225 |    25 ||   340
       Punch             |       |     1 |       ||     1
Throw: Dart              |    19 |    13 |     4 ||    36
       Stone             |     2 |       |       ||     2
  Use: Scroll            |     1 |    10 |     1 ||    12
       Potion            |       |     1 |       ||     1
 Stab: Sleeping          |     7 |    24 |       ||    31
       Distracted        |     2 |       |       ||     2
Armor: Robe              |    13 |    20 |     2 ||    35
       Skin              |       |    18 |       ||    18
Dodge: Dodged            |    60 |   142 |    10 ||   212
Block: Other             |     1 |       |       ||     1
